[Event "1st Chessable Sunway Formentera 2022"]
[Site "Formentera Punta Prima"]
[Date "2022.05.02"]
[Round "4"]
[White "Galvan Cipriani, Viviana"]
[Black "Dukic, Zachary"]
[Result "0-1"]
[ECO "A11"]
[WhiteElo "2153"]
[BlackElo "2243"]
[Annotator "TA"]
[PlyCount "110"]
[EventDate "2022.05.05"]
[EventType "swiss"]
[EventCountry "ESP"]
[SourceTitle "playchess.com"]
[Source "ChessBase"]
[SourceQuality "1"]
[TimeControl "40/5400+30:1800+30"]

1. c4 c6 2. Nf3 d5 3. e3 Nf6 4. Nc3 a6 5. cxd5 cxd5 6. d4 {[%emt 0:00:20] A11: English Opening: 1...c6.} e6 7. Bd3 Nbd7 8. O-O {[%emt 0:04:31] The position is equal.} Bd6 9. e4 dxe4 10. Nxe4 Be7 11. Bf4 {[%emt 0:03:18] [#]} O-O $146 ({Predecessor:} 11... Nxe4 12. Bxe4 Nf6 13. Bc2 O-O 14. Qd3 g6 15. a3 Nd5 16. Bh6 Re8 17. Ne5 Bf8 18. Bxf8 Rxf8 {1-0 (53) Garcia Riera,J (2019)-Elias Arguelles,M (1665) Barcelona 2015}) 12. Rc1 {[%emt 0:07:52] Black must now prevent Bc7.} Nd5 {[%emt 0:01:23] Against Bc7} 13. Bg3 N7f6 14. Ne5 Nxe4 15. Bxe4 Bf6 16. Ng4 Bg5 17. f4 Be7 18. Re1 Nf6 19. Nxf6+ Bxf6 20. Rc4 Bd7 21. Bf2 Rc8 22. b3 Rxc4 23. bxc4 Qc7 24. Qb1 Qxc4 25. Rc1 Qa4 26. Bxh7+ Kh8 27. Bc2 Qa3 28. Rd1 g6 (28... Rc8 $15) 29. Rd3 (29. Qxb7 $11 Qxa2 30. Bxg6 $1) 29... Qd6 30. Rh3+ ({White should play} 30. Qxb7 $15 Bc6 31. Qxa6) 30... Kg7 $17 31. Qxb7 {[%emt 0:01:48] [#]} (31. Rg3 $17) 31... Qxf4 ({Black should try} 31... Rc8 $1 $19 32. Qb1 (32. Qe4 $2 Qc6 $19) 32... Bxd4) 32. Qf3 (32. Be3 $17 Bxd4 33. Qf3) 32... Qc1+ 33. Qd1 Qxd1+ 34. Bxd1 Rc8 {[%emt 0:00:00] Inhibits Rc3. Hoping for ...Rc1.} 35. Be3 {[%emt 0:00:51] Prevents Rc1.} Bc6 36. Be2 a5 37. Rg3 (37. g4 $17) 37... Bd5 38. a3 Rc3 {[%emt 0:00:57][%cal Oc3e3] Threatens to win with ...Rxe3!} 39. Kf1 Rc2 ({Weaker is} 39... Rxa3 {[#]} 40. Bh6+ $1 Kxh6 41. Rxa3 $14) 40. Bd1 $2 (40. Bf4 {was worth a try.}) 40... Ra2 $19 41. Bf2 (41. Bg5 $142 Bxd4 42. Bb3 Rxa3 43. Rg4) 41... Bh4 42. Rxg6+ Kxg6 43. Bxh4 Bxg2+ {[%mdl 4096] Endgame KRB-KB} 44. Ke1 Rxa3 45. Be7 Ra1 {aiming for ...Bf3.} 46. Kd2 Bh3 {And now ...a4 would win.} 47. Bd6 a4 48. Bf3 a3 49. Be4+ Bf5 {( -> ...a2)} 50. Bxf5+ Kxf5 {KR-KB. Black mates.} 51. Kc2 {[#]} Rd1 $3 52. Bxa3 Rxd4 53. Be7 f6 54. Kc3 Rh4 55. Bd6 e5 {Weighted Error Value: White=0.65/Black=0.17 (very precise)} 0-1

[Event "1st Chessable Sunway Formentera 2022"]
[Site "Formentera Punta Prima"]
[Date "2022.05.03"]
[Round "5"]
[White "Sargsyan, Shant"]
[Black "Garcia Martin, Marta"]
[Result "1-0"]
[ECO "C91"]
[WhiteElo "2641"]
[BlackElo "2326"]
[Annotator "TA"]
[PlyCount "61"]
[EventDate "2022.05.05"]
[EventType "swiss"]
[EventCountry "ESP"]
[SourceTitle "playchess.com"]
[Source "ChessBase"]
[SourceQuality "1"]
[TimeControl "40/5400+30:1800+30"]

1. e4 e5 2. Nf3 Nc6 3. Bb5 a6 4. Ba4 Nf6 5. O-O Be7 6. Re1 b5 7. Bb3 d6 8. c3 O-O 9. d4 Bg4 10. Be3 exd4 11. cxd4 d5 12. e5 Ne4 13. Nc3 Nxc3 14. bxc3 Na5 15. Bc2 Nc4 {[%emt 0:09:15] C91: Closed Ruy Lopez: 7...d6 8 c3 0-0 9 d4.} 16. Qd3 {[%emt 0:06:29][%csl Gc2][%cal Rd3h7] [#]} g6 17. Bh6 Re8 {[%emt 0:00:10] The position is equal.} 18. h3 Be6 19. g4 a5 {[%emt 0:09:43] [#]} 20. Kg2 $146 ({Predecessor:} 20. Nh2 Bg5 21. Bxg5 Qxg5 22. Qg3 Qd2 23. Rac1 b4 24. Nf3 Qh6 25. h4 bxc3 26. Ba4 {1-0 (36) Nisipeanu,L (2675)-Kurnosov,I (2602) Budva 2009}) 20... b4 21. cxb4 axb4 22. Bb3 c6 23. Rac1 Na5 24. Qe3 Qd7 25. Qf4 Nxb3 26. axb3 Ra3 {[%emt 0:00:17] [#]} 27. Re3 $1 Rea8 28. Ng5 Bd8 29. Rf3 {[%emt 0:05:55] White is much more active.} Ra1 $2 (29... R3a7 30. Nxe6 Qxe6) 30. Nxe6 $18 Rxc1 31. Nxd8 {[%emt 0:00:19] Weighted Error Value: White=0.06 (flawless) /Black=0.58} 1-0

[Event "1st Chessable Sunway Formentera 2022"]
[Site "Formentera Punta Prima"]
[Date "2022.05.03"]
[Round "5"]
[White "Santos Ruiz, Miguel"]
[Black "Sasikiran, Krishnan"]
[Result "1/2-1/2"]
[ECO "D12"]
[WhiteElo "2586"]
[BlackElo "2651"]
[Annotator "TA"]
[PlyCount "42"]
[EventDate "2022.05.05"]
[EventType "swiss"]
[EventCountry "ESP"]
[SourceTitle "playchess.com"]
[Source "ChessBase"]
[SourceQuality "1"]
[TimeControl "40/5400+30:1800+30"]

1. d4 d5 2. c4 c6 3. Nf3 Nf6 4. e3 Bf5 5. Nc3 e6 6. Nh4 Be4 7. f3 Bg6 {[%emt 0:00:14] D12: Slav Defence: 3 Nf3 Nf6 4 e3 Bf5.} 8. Bd2 dxc4 9. Nxg6 hxg6 10. Bxc4 Nbd7 (10... a6 $5 ) 11. f4 {[%emt 0:18:27] [#]} Bb4 $146 ({Predecessor:} 11... b5 12. Bd3 a6 13. a4 b4 14. Ne4 Be7 15. Rc1 Qb6 16. Qc2 Rc8 17. Nc5 Nxc5 18. dxc5 {0-1 (42) Konnyu,J (2366)-Czebe,A (2479) Budapest 2010}) 12. Qf3 Rc8 13. a3 Bxc3 14. bxc3 c5 {[%emt 0:00:15] [#] Threatens to win with ...cxd4.} 15. Bd3 O-O {[%emt 0:03:03] The position is equal.} 16. O-O e5 17. fxe5 (17. Rad1 {looks sharper.} cxd4 18. cxd4 exd4 19. exd4 Re8 20. Kh1) 17... Nxe5 18. dxe5 Qxd3 19. exf6 Qxd2 20. fxg7 Kxg7 21. Rad1 Qxc3 {[%emt 0:01:58] Weighted Error Value: White=0.08 (flawless) /Black=0.07 (flawless)} 1/2-1/2

[Event "1st Chessable Sunway Formentera 2022"]
[Site "Formentera Punta Prima"]
[Date "2022.05.03"]
[Round "5"]
[White "Cuenca Jimenez, Jose Fernando"]
[Black "Jarmula, Lukasz"]
[Result "1-0"]
[ECO "D26"]
[WhiteElo "2551"]
[BlackElo "2459"]
[Annotator "TA"]
[PlyCount "129"]
[EventDate "2022.05.05"]
[EventType "swiss"]
[EventCountry "ESP"]
[SourceTitle "playchess.com"]
[Source "ChessBase"]
[SourceQuality "1"]
[TimeControl "40/5400+30:1800+30"]

1. d4 d5 2. c4 dxc4 3. Nf3 Nf6 4. e3 e6 5. Bxc4 c5 6. O-O Nc6 7. Nc3 {[%emt 0:00:39] D26: Queen's Gambit Accepted: 4 e3 e6 5 Bxc5 c5 sidelines.} a6 {[%emt 0:00:21] 7...a6 is better than 7...cxd4.} 8. d5 exd5 9. Nxd5 {[%emt 0:00:12][%cal Oe3e4] The position is equal.} Be7 10. e4 {[%emt 0:19:43] [#]} Bg4 $146 (10... O-O $1 $11) ({Predecessor:} 10... O-O 11. Bf4 Bg4 12. Nxe7+ Qxe7 13. Bd6 Qxe4 14. Bd3 Qb4 15. Bxf8 Rxf8 16. h3 Bh5 {0-1 (47) Bluebaum,M (2674)-Demchenko,A (2597) Reykjavik 2021}) 11. Bf4 {[%emt 0:06:18] White is more active.} (11. Qb3 $1 $16) 11... Nxd5 12. Bxd5 {[%emt 0:03:30] Hoping for Qb3.} O-O 13. Qb3 (13. h3 $5 Bxf3 14. Qxf3 $14 (14. gxf3 Qb6 $11)) 13... Qc8 14. a3 b5 15. Rac1 Be6 16. Rfd1 h6 (16... c4 $11 17. Qc2 Bf6) 17. h3 (17. Ne5 $14 {is superior.}) 17... Rd8 18. Qe3 Ra7 19. Rd2 Rad7 20. Rcd1 Bf8 21. b3 ({White should play} 21. g4 $11) 21... Bxd5 $1 $15 22. Rxd5 Rxd5 23. exd5 (23. Rxd5 $142 Rxd5 24. exd5) 23... Ne7 $1 $17 24. Qe5 Qd7 25. Bc1 Nxd5 26. Bb2 Qe6 27. Rd2 (27. Qxe6 $17 fxe6 28. Ne5) 27... a5 (27... Qxe5 $1 $19 {and Black stays clearly on top.} 28. Nxe5 Rd6) 28. h4 (28. a4 $142) 28... b4 (28... Qxe5 $142 29. Nxe5 Rd6) 29. a4 Qc6 30. Qe4 Ne7 31. Qxc6 $15 Nxc6 32. Rxd8 Nxd8 {[%emt 0:00:05][%mdl 4096] Endgame KBN-KBN} 33. Ne5 f6 34. Nc4 Nc6 35. Kf1 {[%emt 0:00:33] [#]} (35. h5 $11) 35... Kf7 (35... h5 $1 $17) 36. Ke2 (36. h5 $1 $11) 36... Ke6 (36... h5 $15) 37. Kd3 Bd6 {[%emt 0:00:29] Black wants to play ...Be5.} 38. h5 Be5 39. Bc1 Bd4 40. Bf4 Bxf2 41. Bc7 Kd7 42. Bf4 Bd4 43. Ke4 {[%emt 0:06:14] Prevents Be5.} Ke6 44. Bc7 f5+ 45. Kd3 $1 Be5 46. Bxa5 {[%emt 0:01:35] Black must now prevent Bb6.} Nd4 (46... Kd7 $11 {remains equal.}) 47. Nxe5 $16 Kxe5 {[%emt 0:00:05] KB-KN} 48. Kc4 Ne6 49. Bb6 {[%emt 0:00:06][%mdl 1024] White has strong compensation.} Kd6 50. Ba7 {[%emt 0:02:33] aiming for Bb8+.} Kc6 {[%emt 0:00:25] [#]} 51. Bb8 $2 {[%emt 0:01:16] Against Nf4} (51. a5 $1 $18) 51... Nf8 $1 $11 52. a5 Nd7 {[%emt 0:00:54] [#]} 53. a6 $1 Nb6+ (53... Nxb8 $2 54. a7 Kb7 55. axb8=Q+ Kxb8 56. Kxc5 $18) (53... Kb6 54. a7) 54. Kd3 {[%emt 0:00:01] Strongly threatening Be5.} Kd5 $2 {[%emt 0:00:35][%mdl 8192] Inhibits Be5.} (54... Nd7 $1 $11) 55. a7 $18 Na8 (55... Kc6 $142 56. Be5 Kb7 57. Bxg7 Nd5) 56. Bf4 {[%emt 0:00:41] And now Bc1 would win.} Nb6 57. Bc7 Na8 58. Bd8 {[%emt 0:01:07] Be7 is the strong threat.} f4 $2 (58... Kc6 59. Kc4 Kd7) 59. Ba5 Kc6 (59... Kd6 $142 60. Kc4 Kc6) 60. Kc4 Kb7 61. Kxc5 Kxa7 62. Kxb4 (62. Kc6 $142 Ka6 63. Bxb4 Nb6 64. Bf8 Nc8 65. Kd7 Na7 66. Bxg7 Nb5 67. Bxh6) 62... Kb7 63. Kc5 Nc7 64. Bxc7 Kxc7 65. Kd5 {[%emt 0:00:08] Quite a comeback for White.  Weighted Error Value: White=0.35/Black=0.51} 1-0

[Event "1st Chessable Sunway Formentera 2022"]
[Site "Formentera Punta Prima"]
[Date "2022.05.03"]
[Round "5"]
[White "Vrolijk, Liam"]
[Black "Bergez, Luc"]
[Result "1-0"]
[ECO "E65"]
[WhiteElo "2467"]
[BlackElo "2331"]
[Annotator "TA"]
[PlyCount "97"]
[EventDate "2022.05.05"]
[EventType "swiss"]
[EventCountry "ESP"]
[SourceTitle "playchess.com"]
[Source "ChessBase"]
[SourceQuality "1"]
[TimeControl "40/5400+30:1800+30"]

1. d4 Nf6 2. c4 g6 3. g3 Bg7 4. Bg2 O-O 5. Nc3 d6 6. Nf3 c5 7. O-O Nc6 8. dxc5 dxc5 9. Bf4 Nd7 {[%emt 0:00:05] Against Ne5. E65: King's Indian: Fianchetto: 6...c5 7 0-0 without d5 by White.} 10. Qc1 e5 11. Bh6 Nb6 {[%emt 0:00:30] [#] White is slightly better.} 12. Rd1 $146 ({Predecessor:} 12. Bxg7 Kxg7 13. Rd1 Qe7 14. b3 e4 15. Nd2 f5 16. Nf1 Be6 17. Qb2 Qf6 18. Rd2 {½-½ (37) Villca,J (1746)-Pinto,D (1974) Pocos de Caldas 2013}) 12... Bd7 (12... Qe7 $14) 13. Bxg7 $16 {[%emt 0:00:05] White is more active.} Kxg7 {[%emt 0:00:30] [#]} 14. Qe3 $1 Re8 (14... Qe7 $16) 15. Qxc5 $18 Rc8 16. b3 e4 (16... Nd4 $142 17. Qa5 Nc6) 17. Nd4 Ne5 18. Qa5 e3 19. f4 Ng4 20. Ndb5 Rc5 21. Ne4 Rxe4 22. Bxe4 Nf2 23. Qc3+ f6 (23... Qf6 $142 24. Qxe3 Nxe4 25. Qxe4 Bxb5 26. cxb5 Nd5) 24. Qxe3 Nxd1 25. Qxc5 Bxb5 26. cxb5 Qd2 27. Bf3 Nd7 28. Qxa7 b6 {[%emt 0:00:30] [#]} 29. Rxd1 $1 Qxd1+ {[%emt 0:00:30][%mdl 4096] Endgame KQB-KQN} 30. Kg2 h5 31. a4 g5 32. fxg5 fxg5 33. Bxh5 {[%emt 0:00:05] Hoping for Bg4.} Kf6 34. Bg4 Qd5+ {[%emt 0:00:05] [#]} 35. Bf3 $1 ({Weaker is} 35. Kh3 Qh1 36. Bxd7 Qf1+ 37. Kg4 Qxe2+ 38. Kh3 Qf1+ 39. Kg4 Qe2+ 40. Kh3 Qf1+ 41. Kg4 Qe2+ $11) 35... Qd4 36. Qa8 Ne5 37. Qh8+ Kf5 38. g4+ Kg6 39. Qc8 Kh6 40. Qe6+ Kg7 41. Qd5 Qb2 42. Qb7+ Kh6 43. Qxb6+ Ng6 44. Kf2 (44. a5 $142 Kg7 45. a6 Nh4+ 46. Kh3 Ng6 47. a7 Qa1 48. Kg2 Nf4+ 49. Kg3) 44... Qe5 45. Kg1 $2 (45. a5 $18 Kg7 46. a6 Qxh2+ 47. Kf1 Qh3+ 48. Ke1 Qg3+ 49. Kd1) 45... Qa1+ $1 $11 46. Kg2 {[%emt 0:00:30] White threatens Be4 and mate.} Kg7 $2 (46... Qb2 $11 47. a5 Kg7) 47. Qc7+ {[%emt 0:00:30] White is clearly winning.} Kh6 48. Qd6 {[%emt 0:23:13] White wants to mate with Be4.} Kg7 49. Kf2 {[%emt 0:00:30] Weighted Error Value: White=0.14 (very precise) /Black=0.47} 1-0

[Event "1st Chessable Sunway Formentera 2022"]
[Site "Formentera Punta Prima"]
[Date "2022.05.03"]
[Round "5"]
[White "Batsiashvili, Nino"]
[Black "Gukesh D"]
[Result "0-1"]
[ECO "D38"]
[WhiteElo "2463"]
[BlackElo "2659"]
[Annotator "TA"]
[PlyCount "78"]
[EventDate "2022.05.05"]
[EventType "swiss"]
[EventCountry "ESP"]
[SourceTitle "playchess.com"]
[Source "ChessBase"]
[SourceQuality "1"]
[TimeControl "40/5400+30:1800+30"]

1. d4 Nf6 2. c4 e6 3. Nc3 Bb4 4. Nf3 d5 5. Qa4+ Nc6 6. e3 O-O 7. Bd2 Re8 {[%emt 0:01:50] D38: Queen's Gambit Declined: Ragozin Defence (4 Nf3 Bb4).} 8. a3 Bf8 9. Rd1 a6 {[%emt 0:04:37] White is slightly better.} 10. Qc2 b6 {[%emt 0:00:38] [#]} 11. Bc1 $146 ({Predecessor:} 11. Bd3 Bb7 12. O-O h6 13. Bc1 Na5 14. cxd5 exd5 15. b4 Nc6 16. Bb2 Nb8 17. Ne5 {½-½ (31) Giri,A (2772)-Harikrishna,P (2719) Belgrade 2022}) 11... Bb7 12. cxd5 exd5 13. Bd3 Ne7 14. Ne5 c5 15. O-O c4 16. Be2 b5 17. b3 Nc8 18. bxc4 bxc4 (18... dxc4 $15 {should be considered.} 19. e4 h6) 19. e4 $11 Nd6 20. exd5 Nxd5 21. Bf3 (21. Na4 $11) 21... Nxc3 $15 22. Qxc3 Qc7 23. a4 f6 24. Ng4 Bxf3 25. Qxf3 Qb7 26. d5 Qb3 27. Be3 $2 {[%emt 0:00:58][%mdl 8192] [#] Now White is beyond hope.} ({White should try} 27. Bf4 $15) 27... f5 $1 $19 28. Nh6+ gxh6 29. Qg3+ Kf7 30. Qh4 Re4 31. Qh5+ Kg8 32. Bxh6 Rg4 {[%emt 0:00:33] Prevents Qg5+.} 33. h3 Rg6 34. Bf4 Qb7 35. Rfe1 Qf7 {[%emt 0:00:37][%cal Og6g2] [#] Against Re6. Strongly threatening ...Rxg2+!} 36. Qf3 Ne4 37. h4 h5 38. d6 Rd8 39. d7 Rg4 {[%emt 0:00:06] Weighted Error Value: White=0.35/Black=0.08 (flawless)} 0-1

[Event "1st Chessable Sunway Formentera 2022"]
[Site "Formentera Punta Prima"]
[Date "2022.05.03"]
[Round "5"]
[White "Park, Evan"]
[Black "Kovacs, Klara"]
[Result "1-0"]
[ECO "C42"]
[WhiteElo "2431"]
[BlackElo "2108"]
[Annotator "TA"]
[PlyCount "65"]
[EventDate "2022.05.05"]
[EventType "swiss"]
[EventCountry "ESP"]
[SourceTitle "playchess.com"]
[Source "ChessBase"]
[SourceQuality "1"]
[TimeControl "40/5400+30:1800+30"]

1. e4 e5 2. Nf3 Nf6 3. Nc3 Bb4 4. Nxe5 Qe7 5. Nd3 Bxc3 6. dxc3 Nxe4 7. Be2 {[%emt 0:02:41] C42: Petroff Defence: 3 Nxe5 and unusual White 3rd moves.} d5 8. O-O O-O 9. Re1 {[%emt 0:04:34] White is slightly better.} c6 {[%emt 0:57:52] [#]} 10. Bf1 $146 {[%emt 0:05:21] [#] Hoping for f3.} ({Predecessor:} 10. f3 Nd6 11. Bf1 Qf6 12. Be3 Nd7 13. Bf2 Nc4 14. Qe2 b6 15. b3 Nd6 16. Bd4 {½-½ (42) Rysbayeva,A (1599)-Dudas,E (2000) Belfort 2005}) 10... Qf6 11. Be3 Nd7 12. f3 Ng5 13. Nc5 Ne6 (13... h6 $14) 14. Nxe6 $16 fxe6 15. c4 Kh8 (15... b6 $142) 16. b3 b6 17. cxd5 exd5 18. c4 dxc4 19. Bxc4 c5 $2 {[%emt 0:00:00] Against Bd4. This costs Black the game.} (19... Rd8 $16) 20. Qd5 $18 Rb8 21. Bg5 Qg6 {[%emt 0:01:26] [#]} (21... Bb7) 22. Be7 $1 {[%emt 0:02:36] A strong pair of Bishops.} Nf6 23. Qd6 Bh3 24. Qg3 {[%emt 0:00:19] Active counter play!} Qxg3 25. hxg3 Bd7 26. Bxf8 Rxf8 27. Be6 Bc6 28. Rad1 {[%emt 0:00:12] White is clearly winning.} g5 29. Rd6 Be8 30. Bf5 Nh5 (30... Kg7 $142 31. g4 Bg6 32. Bxg6 Kxg6) 31. g4 Ng7 32. Re7 Kg8 33. Rd8 {[%emt 0:01:07] Weighted Error Value: White=0.14 (very precise) /Black=0.40} 1-0

[Event "1st Chessable Sunway Formentera 2022"]
[Site "Formentera Punta Prima"]
[Date "2022.05.03"]
[Round "5"]
[White "Romanishin, Oleg M"]
[Black "Soham Das"]
[Result "0-1"]
[ECO "D02"]
[WhiteElo "2400"]
[BlackElo "2266"]
[Annotator "TA"]
[PlyCount "105"]
[EventDate "2022.05.05"]
[EventType "swiss"]
[EventCountry "ESP"]
[SourceTitle "playchess.com"]
[Source "ChessBase"]
[SourceQuality "1"]
[TimeControl "40/5400+30:1800+30"]

1. Nf3 d5 2. g3 g6 3. Bg2 Bg7 4. d4 c6 5. O-O Nf6 6. Bf4 Bf5 7. Qc1 O-O 8. c4 {[%emt 0:04:32] D02: 1 d4 d5 2 Nf3 sidelines, including 2...Nf6 3 g3 and 2...Nf6 3 Bf4.} Nbd7 {[%emt 0:01:19] [#]} 9. Nbd2 $146 ({Predecessor:} 9. Nc3 Rc8 10. Bh6 Be4 11. Bxg7 Kxg7 12. Nxe4 Nxe4 13. Qc2 e6 14. Rfd1 Qe7 15. Rac1 Rcd8 {½-½ (62) Dubov,D (2690)-Rakhmanov,A (2645) Moscow 2019}) 9... Ne4 10. Nb3 {[%emt 0:04:06] The position is equal.} dxc4 11. Qxc4 a5 12. Nh4 {[%emt 0:21:25] [#]} Be6 $1 13. Qc2 {[%emt 0:00:08] [#]} (13. Qd3 Nd6) 13... a4 $1 14. Bxe4 (14. Nd2 Nd6) 14... axb3 15. axb3 Qb6 16. Nf3 Bxb3 17. Qd2 Nf6 18. Rxa8 Rxa8 19. Bb1 Bd5 {[%emt 0:01:21] Against e4} 20. Ne5 Ra4 21. Be3 Rb4 22. Nd3 {[%emt 0:00:08] [#]} Rb5 {[%emt 0:00:12] Black is more active.} 23. f3 {[%emt 0:07:13] Inhibits Ne4.} Ne8 24. Bf2 (24. Qc3 $17) 24... Bxd4 $19 25. e3 Bxb2 26. Bc2 Bc4 27. Ba4 Bxd3 28. Qxd3 Ra5 29. Bc2 Nd6 30. Rb1 Ra1 31. Rxa1 Bxa1 32. e4 Qb5 33. Qd1 Bc3 34. f4 f6 {[%emt 0:00:27] Against e5} 35. h4 Kg7 36. Kg2 Qc4 37. Bd3 Qb4 38. Qe2 Qb2 ({Black should try} 38... Bd4 $19 {Hoping for ...Bxf2.} 39. Be1 Qb3) 39. Bc2 $2 {[%emt 0:00:31] White does not recover from this.} (39. Qxb2 $17 {is the only way for White.} Bxb2 40. Bc5) 39... Bd4 40. e5 fxe5 41. fxe5 Qb5 42. Bd3 (42. Qxb5 {was worth a try.} Nxb5 43. Bb3) 42... Qd5+ 43. Kh2 Nf7 44. e6 Nd6 {[%emt 0:02:16] Against Bc4. And now ...Bxf2 would win.} 45. Bxd4+ (45. Be1 $142) 45... Qxd4 {[%emt 0:00:03][%mdl 4096] Endgame KQB-KQN. Black is clearly winning.} 46. h5 c5 47. hxg6 hxg6 {[%emt 0:00:02] aiming for ...c4.} 48. Qc2 Qe3 49. Kg2 Qg5 50. Qc3+ Kh7 51. Be2 b5 52. Qf3 Qe5 53. Bd3 {[%emt 0:00:26] Weighted Error Value: White=0.41/Black=0.18 (very precise)} 0-1

[Event "1st Chessable Sunway Formentera 2022"]
[Site "Formentera Punta Prima"]
[Date "2022.05.03"]
[Round "5"]
[White "Alinasab, Mobina"]
[Black "Eugene, Floryan"]
[Result "1/2-1/2"]
[ECO "C95"]
[WhiteElo "2373"]
[BlackElo "2370"]
[Annotator "TA"]
[PlyCount "103"]
[EventDate "2022.05.05"]
[EventType "swiss"]
[EventCountry "ESP"]
[SourceTitle "playchess.com"]
[Source "ChessBase"]
[SourceQuality "1"]
[TimeControl "40/5400+30:1800+30"]

1. e4 e5 2. Nf3 Nc6 3. Bb5 a6 4. Ba4 Nf6 5. O-O Be7 6. Re1 b5 7. Bb3 d6 8. c3 O-O 9. h3 Nb8 10. d4 Nbd7 11. c4 c6 12. Qc2 {[%emt 0:00:00] [#] C95: Closed Ruy Lopez: Breyer Variation with 10 d4.} b4 $146 (12... a5 $11 13. cxb5 cxb5) ({Predecessor:} 12... Bb7 13. a3 Rc8 14. Nc3 exd4 15. Nxd4 g6 16. Bh6 Re8 17. Rad1 c5 18. Nf3 b4 19. Nd5 Bxd5 20. cxd5 {1-0 (87) Santos Latasa,J (2639)-Topalov,V (2730) Salamanca 2021}) 13. c5 $16 Qc7 14. cxd6 {[%emt 0:00:00] White is better.} Bxd6 15. dxe5 Nxe5 16. Nbd2 Re8 17. Nxe5 Bxe5 18. Nf3 Be6 19. Bg5 (19. Nxe5 $14 Qxe5 20. f3) 19... Nd7 20. Be3 Bf6 21. Bd4 c5 (21... Ne5 $11 22. Bxe5 Bxe5) 22. Bxf6 Nxf6 23. e5 Bxb3 24. axb3 Nd7 25. Ng5 Nf8 {[%emt 0:00:34] [#]} 26. f4 Red8 27. f5 {[%emt 0:00:00] White is much more active.} Re8 28. Qc4 Rad8 29. Nf3 {[%emt 0:00:00] Against Rd4} Qd7 30. e6 (30. Rxa6 Qxf5 31. Qxc5 Ng6 $14) 30... fxe6 31. fxe6 ({Resist} 31. Qxc5 exf5 32. Qc4+ (32. Rxa6 Rxe1+ 33. Nxe1 Qd1 $11) 32... Qf7 $14) 31... Rxe6 32. Rxa6 Rde8 33. Rexe6 (33. Raxe6 $16 Rxe6 34. Qxc5) 33... Nxe6 $11 34. Kh2 {[%emt 0:00:08] [#] And now Ng5 would win.} (34. Kh1 $5 Qf7 35. Rd6 $14) 34... Qf7 35. Kh1 Nf4 36. Qxc5 Qxb3 37. Kh2 Rf8 (37... Qxb2 $2 38. Qc4+ Kh8 39. Qxf4 $18) 38. Ne5 Qd5 (38... Qxb2 {leads to mate.} 39. Qc4+) (38... Nh5 {with more complications.} 39. Ra1 g6 40. Ng4 Qg3+) 39. Qxd5+ Nxd5 $14 {[%emt 0:01:03][%mdl 4096] Endgame KRN-KRN} 40. Rd6 Ne3 41. Rd3 Nf5 {[%emt 0:26:44] The position is equal.} 42. b3 Re8 43. Nc4 Re2 44. Kg1 h5 45. g4 hxg4 46. hxg4 Nh4 47. Kf1 Rc2 48. Ne3 Rb2 49. Nd5 Ng6 50. Re3 Kf7 51. Nxb4 Kf6 52. Nc6 {[%emt 0:00:00] Weighted Error Value: White=0.12 (very precise) /Black=0.12 (very precise)} 1/2-1/2

[Event "1st Chessable Sunway Formentera 2022"]
[Site "Formentera Punta Prima"]
[Date "2022.05.03"]
[Round "5"]
[White "Papadiamandis, Elliot"]
[Black "Neiman, Emmanuel"]
[Result "1-0"]
[ECO "C42"]
[WhiteElo "2373"]
[BlackElo "2248"]
[Annotator "TA"]
[PlyCount "43"]
[EventDate "2022.05.05"]
[EventType "swiss"]
[EventCountry "ESP"]
[SourceTitle "playchess.com"]
[Source "ChessBase"]
[SourceQuality "1"]
[TimeControl "40/5400+30:1800+30"]

1. e4 e5 2. Nf3 Nf6 3. Nxe5 d6 4. Nf3 Nxe4 5. Nc3 Nxc3 6. dxc3 Be7 7. Be3 O-O 8. Qd2 {[%emt 0:00:19] C42: Petroff Defence: 3 Nxe5 and unusual White 3rd moves.} Nd7 9. O-O-O Nf6 10. Bd3 {[%emt 0:00:49] The position is equal.} c5 11. h4 b5 {[%emt 0:10:04] [#]} 12. h5 $146 ({Predecessor:} 12. Ng5 Qa5 13. Kb1 c4 14. Be2 Rb8 15. a3 d5 16. Bf3 Rd8 17. Rhe1 Bf5 18. Bf4 {1-0 (29) Tatarinov,D (2320)-Ardila,O (1988) Chess.com INT 2021}) 12... Be6 13. h6 {[%emt 0:03:21] [#] Black must now prevent hxg7.} ({Much weaker is} 13. Bxb5 Qa5 14. a4 a6 $15) 13... g6 14. Bg5 $36 {[%emt 0:02:10][%mdl 2048] White has some pressure.} ({Don't play} 14. Bxb5 Qa5 15. a4 a6 $17) 14... Rb8 15. Rhe1 Qa5 16. a3 b4 (16... Rfe8 $11 {keeps the balance.}) 17. cxb4 $16 Rxb4 {[%emt 0:06:44][%mdl 8192] [#] Black cannot hold the game after this.} (17... cxb4 $16 {is a better chance.} 18. Bc4 Rb7) 18. Qc3 $18 {[%emt 0:04:29] White is clearly winning.} d5 (18... Ra4 $142 19. Bxf6 Qxc3 20. Bxc3 Rb8 21. Bxg6 Bf8) 19. axb4 cxb4 20. Qd4 b3 21. cxb3 Bb4 22. Kb1 {[%emt 0:03:45] Weighted Error Value: White=0.16 (very precise) /Black=0.70} 1-0